 Dungeon Crawl Stone Soup version 0.29-a0-653-gd47aff6735 (webtiles) character file.

Game seed: 10825218223731239055

116 jesse the Cudgeller (level 5, -11/45 HPs)
             Began as a Meteoran Cinder Acolyte on June 21, 2022.
             Was a Priest of Ignis.
             Killed by divine providence
             ... invoked by an orc priest
              (16 damage)
             ... on level 2 of the Dungeon.
             The game lasted 00:03:31 (709 turns).

jesse the Cudgeller (Meteoran Cinder Acolyte)        Turns: 709, Time: 00:03:31

Health: -11/45     AC:  9    Str: 17    XL:     5   Next: 45%
Magic:  8/8        EV: 11    Int: 15    God:    Ignis [***...]
Gold:   52         SH:  0    Dex: 10    Spells: 6/6 levels left

rFire   + . .      SeeInvis .   a - -1 mace (flame)
rCold   . . .      Faith    .   (no shield)
rNeg    . . .      Spirit   .   b - +0 robe
rPois   .          Reflect  .   (no helmet)
rElec   .          Harm     .   (no cloak)
rCorr   .          Rampage  .   (no gloves)
Will    .....                   (no boots)
Stlth   +.........              f - amulet of regeneration
HPRegen 0.95/turn               (no ring)
MPRegen 0.11/turn               (no ring)

@: fiery-armoured, glowing
A: sense surroundings 1, otherworldly, glowing, explore regen
a: Renounce Religion, Fiery Armour, Foxfire Swarm, Rising Flame


You were on level 2 of the Dungeon.
You worshipped Ignis.
Ignis was most pleased with you.
You visited 1 branch of the dungeon, and saw 2 of its levels.

You collected 52 gold pieces.

Inventory:

Hand Weapons
 a - a -1 mace of flaming (weapon)
Armour
 b - a +0 robe (worn)
Jewellery
 f - an amulet of regeneration (around neck)
Scrolls
 e - a scroll of blinking {unknown}
 g - a scroll of teleportation {unknown}
 h - 2 scrolls of identify
Potions
 c - a potion of might
 d - a potion of resistance {unknown}


   Skills:
 - Level 3.2 Fighting
 + Level 6.2 Maces & Flails
 - Level 1.3 Spellcasting
 + Level 5.0 Fire Magic


You had 6 spell levels left.
You didn't know any spells.
Your spell library contained the following spells:

 Spells                   Type           Power      Damage    Failure   Level
 Scorch                   Fire           32%        2d6       4%          2


Dungeon Overview and Level Annotations

Branches:
Dungeon (2/15) Zot: 479

Altars:


Innate Abilities, Weirdness & Mutations

You passively map a small area around you.
You are easily found by Zot.
You glow in the dark.
You regain HP and MP as you explore.


Message History

The foxfire hits the orc priest.
The orc priest is heavily wounded.
The foxfire hits the orc priest.
The orc priest is severely wounded.
The foxfire hits the orc priest.
The orc priest is severely wounded.
The foxfire hits the orc priest.
You kill the orc priest!
The foxfire hits the orc.
The orc is almost dead.
The orc hits you but does no damage.
The orc is burned by your cloak of flames.
You kill the orc!
Your Maces & Flails skill increases to level 6!
Your Fire Magic skill increases to level 5!
You sock the orc! You burn the orc.
You kill the orc!
Your foxfire dissipates!
The orc priest barely misses you.
Items here: $ )) ††.
You hit the orc priest. You burn the orc priest.
The orc priest is moderately wounded.
The orc priest mumbles some strange prayers to Beogh against you.
Beogh smites you!
The orc priest looks encouraged for a moment.
You closely miss the orc priest.
The orc priest is moderately wounded.
The orc priest hits you but does no damage.
The orc priest is burned by your cloak of flames.
The orc priest is heavily wounded.
You barely miss the orc priest.
The orc priest is heavily wounded.
The orc priest invokes the aid of Beogh against you.
Beogh smites you!
* * * LOW HITPOINT WARNING * * *
Unknown command.
You hit the orc priest but do no damage.
The orc priest is heavily wounded.
The orc priest mumbles some strange prayers to Beogh against you.
Beogh smites you!
You die...

,................##
⌠$#*
##############..#
,o#* #..#.......#
#..#.#...*.#
#..#...o .. #..#..o
... #..#o. o...
#..#.#...#.
#)@#.......
#..o.......
#........##
##########


You could see an orc priest.

Vanquished Creatures
  3 orc priests (D:2)
  An adder (D:2)
  2 orcs (D:2)
  2 bats (D:1)
  A giant cockroach (D:2)
  A hobgoblin (D:2)
  3 quokkas (D:1)
  2 ball pythons (D:1)
  2 frilled lizards
  2 goblins (D:1)
  2 rats (D:1)
21 creatures vanquished.

Vanquished Creatures (others)
  14 foxfires (D:2)
14 creatures vanquished.

Grand Total: 35 creatures vanquished

Notes
Turn   | Place    | Note
-------+----------+-------------------------------------------
     0 | D:1      | jesse the Meteoran Cinder Acolyte began the quest for the
                  | Orb.
     0 | D:1      | Reached XP level 1. HP: 19/19 MP: 3/3
   250 | D:1      | Reached XP level 2. HP: 26/26 MP: 5/5
   491 | D:1      | Glimpsed the power of Zot.
   541 | D:1      | Glimpsed the power of Zot.
   592 | D:2      | Reached XP level 3. HP: 31/31 MP: 6/6
   701 | D:2      | Reached skill level 5 in Maces & Flails
   701 | D:2      | Reached XP level 4. HP: 18/38 MP: 7/7
   702 | D:2      | Reached XP level 5. HP: 23/45 MP: 8/8
   704 | D:2      | Reached skill level 6 in Maces & Flails
   704 | D:2      | Reached skill level 5 in Fire Magic
   709 | D:2      | Killed from afar by an orc priest

Illustrated notes

Levels and vault maps discovered:
D:1:      elethiomel_arrival_infinity_welcomes_careful_drivers,
          layout_loops_ring, shapermc_ecumenical_altar_ellora, roderic_lattice_a
D:2:      cheibrodos_pilgrimage, layout_basic

Skill      XL: |  1  2  3  4  5 |
---------------+----------------+-----
Fire Magic     | 4 5 |  5.0
Maces & Flails | 5 6 |  6.2
Fighting       | |  3.2
Spellcasting   | |  1.3

Action                   |  1- 3 |  4- 6 || total
-------------------------+-------+-------++-------
Melee: Mace              |    54 |     7 ||    61
Invok: Fiery Armour      |     3 |       ||     3
       Foxfire Swarm     |     1 |     1 ||     2
  Use: Scroll            |     1 |       ||     1
Armor: Robe              |    31 |     2 ||    33
Dodge: Dodged            |    41 |     2 ||    43

Table legend: (Time is in decaauts)
 A = Elapsed time spent in this place.
 B = Non-inter-level travel time spent in this place.
 C = Inter-level travel time spent in this place.
 D = Time resting spent in this place.
 E = Time spent auto-exploring this place.
 F = Levels seen in this place.
 G = Mean time per level.
                   A        B        C        D        E       F      G
               +--------+--------+--------+--------+--------+-----+--------+
         Total |    719 |    703 |     16 |    200 |    275 |   2 |  359.5 |
       Dungeon |    719 |    703 |     16 |    200 |    275 |   2 |  359.5 |
               +--------+--------+--------+--------+--------+-----+--------+

Top non-repeatable levels by time:
     D:1: 576 daAuts
     D:2: 142 daAuts
